[Event "Titled Tuesday Blitz April 18 Late 2023"]
[White "Chabris, Christopher"]
[Black "angelgab3"]
[WhiteFideId "2005263"]
[WhiteElo "2304"]
[BlackElo "2525"]
[Result "0-1"]
[Round "05"]
[TimeControl "180+2"]
[Date "2023.04.18"]
[WhiteClock "0:00:02"]
[BlackClock "0:00:28"]

1. e4 e5 2. Nf3 Nc6 3. Bb5 a6 4. Ba4 Nf6 5. O-O b5 6. Bb3 Bb7 7. d3 Be7 8. a4 O-O 9. Nbd2 Re8 10. Re1 h6 11. c3 Bf8 12. d4 exd4 13. cxd4 Na5 14. Bc2 d6 15. b3 c5 16. Bb2 cxd4 17. Nxd4 Rc8 18. Bd3 b4 19. Nf5 g6 20. Ng3 Nd7 21. Rc1 Nc5 22. Bf1 Bg7 23. Bxg7 Kxg7 24. Qf3 Nd7 25. Rxc8 Qxc8 26. Nc4 Nxc4 27. Bxc4 Ne5 28. Qf4 Nxc4 29. bxc4 Qxc4 30. Rc1 Qe6 31. Rc7 Re7 32. Rc1 a5 33. h4 Qf6 34. Qe3 Qe5 35. f4 Qb2 36. f5 Bxe4 37. fxg6 Bxg6 38. Qf4 Qe5 39. Qf2 Qe3 40. h5 Qxf2+ 41. Kxf2 Bh7 42. Rc6 Rb7 43. Rxd6 b3 0-1


[Site "https://www.chess.com"]

[Event "Titled Tuesday Blitz April 18 Late 2023"]
[White "Tokman, Ariel"]
[Black "Nemsko"]
[WhiteFideId "117420"]
[WhiteElo "2263"]
[BlackElo "2302"]
[Result "1-0"]
[Round "05"]
[TimeControl "180+2"]
[Date "2023.04.18"]
[WhiteClock "0:00:34"]
[BlackClock "0:00:01"]

1. e4 e5 2. Nf3 Nc6 3. Bb5 a6 4. Ba4 Nf6 5. d3 b5 6. Bb3 Be7 7. O-O O-O 8. Re1 d6 9. c3 Na5 10. Bc2 c5 11. Nbd2 h6 12. Nf1 Re8 13. Ng3 Bf8 14. d4 cxd4 15. cxd4 Bb7 16. d5 Nc4 17. b3 Nb6 18. Nf5 Kh7 19. Be3 g6 20. Ng3 Rc8 21. Rc1 Nbd7 22. h3 Qa5 23. Bb1 Qa3 24. Qd2 Nc5 25. Qe2 Qa5 26. Nh2 Qd8 27. h4 h5 28. Nf3 Ng4 29. Ng5+ Kg8 30. Bd2 Bg7 31. f3 Nf6 32. Be3 Qd7 33. Qf2 Qe7 34. Bc2 Nfd7 35. b4 Na4 36. Bb3 a5 37. a3 axb4 38. axb4 Ra8 39. Qe2 Ba6 40. Rc6 1-0


[Site "https://www.chess.com"]

[Event "Titled Tuesday Blitz April 18 Late 2023"]
[White "Karas, Marek"]
[Black "Garmash, Aliona"]
[WhiteFideId "14928558"]
[BlackFideId "34127620"]
[WhiteElo "2233"]
[BlackElo "1959"]
[Result "1-0"]
[Round "05"]
[TimeControl "180+2"]
[Date "2023.04.18"]
[WhiteClock "0:00:12"]
[BlackClock "0:00:02"]

1. d4 d5 2. c4 c6 3. Nf3 Nf6 4. Nc3 dxc4 5. a4 Bf5 6. Nh4 Be6 7. e4 g6 8. Nf3 Na6 9. Ng5 Bg4 10. f3 Bd7 11. Bxc4 e6 12. O-O Nb4 13. Be3 Bg7 14. Qd2 O-O 15. Nh3 Qe7 16. Bg5 e5 17. Nf2 Rad8 18. dxe5 Qxe5 19. Bf4 Qa5 20. Qe2 Rfe8 21. Rfd1 Nh5 22. Be3 a6 23. Bg5 Nf6 24. Qf1 Qxg5 25. Kh1 a5 26. g3 Qc5 27. Rac1 Qb6 28. f4 Bc8 29. e5 Nfd5 30. Qe2 Be6 31. Nce4 Qc7 32. Qf3 Qe7 33. Re1 Nb6 34. Bf1 Bd5 35. Kg1 Nxa4 36. Qa3 Nb6 37. Qxa5 Nd7 38. Nd6 Ra8 39. Qxb4 Reb8 40. Qd2 b5 41. Bg2 Bxg2 42. Kxg2 Nb6 43. Rxc6 Nc4 44. Nxc4 bxc4 45. Rxc4 Bf8 46. Qc2 Qb7+ 47. Kg1 Qxb2 48. Qxb2 Rxb2 49. Rce4 Raa2 50. Ng4 Rg2+ 51. Kf1 1-0


[Site "https://www.chess.com"]

[Event "Titled Tuesday Blitz April 18 Late 2023"]
[White "Coelho, Ramyres Santana"]
[Black "TheKnightOfBosnia"]
[WhiteFideId "2120690"]
[WhiteElo "1888"]
[BlackElo "2504"]
[Result "0-1"]
[Round "05"]
[TimeControl "180+2"]
[Date "2023.04.18"]
[WhiteClock "0:02:03"]
[BlackClock "0:02:03"]

1. e4 e5 2. Nf3 Nc6 3. d4 exd4 4. Bc4 Nf6 5. e5 d5 6. Bb5 Nd7 7. O-O Be7 8. c3 dxc3 9. Nxc3 O-O 10. Nxd5 Ncxe5 11. Nxe7+ Qxe7 12. Nxe5 Nxe5 13. Re1 Qc5 14. Qe2 Ng6 15. Be3 Qe5 16. Bd3 Be6 17. b3 c6 18. Rad1 Nf4 19. Bxf4 Qxf4 20. Bb1 Rad8 21. Qc2 g6 22. Rxd8 Rxd8 23. Re4 Qxe4 24. Qxe4 Rd1+ 0-1


[Site "https://www.chess.com"]

[Event "Titled Tuesday Blitz April 18 Late 2023"]
[White "Kohler, Aran"]
[Black "Petrovic, Aleksa"]
[WhiteFideId "1002856"]
[BlackFideId "967629"]
[WhiteElo "2252"]
[BlackElo "2309"]
[Result "1-0"]
[Round "05"]
[TimeControl "180+2"]
[Date "2023.04.18"]
[WhiteClock "0:00:18"]
[BlackClock "0:00:06"]

1. Nf3 Nf6 2. d4 e6 3. Bg5 c5 4. e3 h6 5. Bxf6 Qxf6 6. c3 b6 7. Nbd2 Bb7 8. Bd3 g6 9. Qe2 Bg7 10. Be4 d5 11. Bd3 O-O 12. Ne5 Nc6 13. f4 Nxe5 14. fxe5 Qh4+ 15. g3 Qe7 16. O-O h5 17. h4 a6 18. Nf3 b5 19. Rae1 c4 20. Bb1 b4 21. Ng5 bxc3 22. bxc3 Bc6 23. e4 Qa3 24. exd5 Bxd5 25. Be4 Qxc3 26. Qe3 Qxe3+ 27. Rxe3 Rad8 28. Bxd5 Rxd5 29. Nf3 Rc8 30. Rc3 Ra5 31. Rf2 Bf8 32. Rfc2 Ra4 33. Nd2 Be7 34. Rxc4 Raxc4 35. Rxc4 Rb8 36. Rc2 Rb4 37. Nf3 Kg7 38. Kf2 Bd8 39. Ke3 Bb6 40. Rd2 Ra4 41. Ng5 Ra3+ 42. Kf4 Ra4 43. Nf3 Rb4 44. Ke4 Rb5 45. Ke3 f6 46. Kf4 fxe5+ 47. dxe5 Rd5 48. Rxd5 exd5 49. Ng5 Bc7 50. Ne6+ 1-0


[Site "https://www.chess.com"]

[Event "Titled Tuesday Blitz April 18 Late 2023"]
[White "Osmonbekov, Talaibek"]
[Black "Sonnenschein, Philipp"]
[WhiteFideId "2017253"]
[BlackFideId "16250877"]
[WhiteElo "2135"]
[BlackElo "2224"]
[Result "0-1"]
[Round "05"]
[TimeControl "180+2"]
[Date "2023.04.18"]
[WhiteClock "0:00:01"]
[BlackClock "0:00:22"]

1. d4 Nf6 2. Bf4 g6 3. Nc3 Bg7 4. e4 d5 5. e5 Ne4 6. Nxe4 dxe4 7. Bc4 c5 8. c3 cxd4 9. cxd4 Nc6 10. Ne2 Qa5+ 11. Bd2 Qb6 12. Bc3 O-O 13. O-O Rd8 14. Qb3 Qxb3 15. Bxb3 Bg4 16. f3 exf3 17. gxf3 Bh3 18. Rfd1 e6 19. Kf2 Bf5 20. Ng3 Ne7 21. Nxf5 Nxf5 22. d5 exd5 23. Bxd5 Rab8 24. Rd3 Re8 25. f4 Bf8 26. Rad1 Ng7 27. b4 Ne6 28. Kf3 Bh6 29. Bd2 b6 30. f5 Bxd2 31. fxe6 fxe6 32. R1xd2 exd5 33. Rxd5 Rbc8 34. R2d3 Rc2 35. Rd2 Rxd2 36. Rxd2 Rxe5 37. Rd7 Rf5+ 38. Kg4 Rf7 39. Rd8+ Kg7 40. h4 h5+ 41. Kg3 Rc7 42. Rd3 Kf6 43. a3 Rc4 44. Rd6+ Kf5 45. Rd5+ Ke6 46. Rg5 Kf6 47. Rd5 Rc3+ 48. Kf4 Rxa3 49. Rd6+ Kg7 0-1


[Site "https://www.chess.com"]

[Event "Titled Tuesday Blitz April 18 Late 2023"]
[White "Ronka, Erik"]
[Black "Prithu Gupta"]
[WhiteFideId "505080"]
[BlackFideId "46618546"]
[WhiteElo "2264"]
[BlackElo "2344"]
[Result "1-0"]
[Round "05"]
[TimeControl "180+2"]
[Date "2023.04.18"]
[WhiteClock "0:00:06"]
[BlackClock "0:00:07"]

1. e4 d6 2. d4 g6 3. Nf3 Bg7 4. Bc4 Nd7 5. Bxf7+ Kf8 6. Ng5 Ndf6 7. Nc3 Nh6 8. Ne6+ Bxe6 9. Bxe6 Nf7 10. O-O c5 11. d5 h5 12. h3 Bh6 13. f4 h4 14. Qf3 Nh5 15. e5 Ng3 16. Rf2 Kg7 17. Ne4 Nf5 18. c3 dxe5 19. Kh2 exf4 20. Bxf4 Bxf4+ 21. Qxf4 N7d6 22. Ng5 Qb8 23. Qe5+ Kh6 24. Bxf5 Nxf5 25. Nf7+ Kh7 26. d6 exd6 27. Qf6 d5+ 28. Kg1 Qg3 29. Nxh8 Rxh8 30. Raf1 Qd6 31. Rxf5 1-0


[Site "https://www.chess.com"]

[Event "Titled Tuesday Blitz April 18 Late 2023"]
[White "Hajiyev, Kanan"]
[Black "Dubreuil, Julien"]
[WhiteFideId "13404148"]
[BlackFideId "621285"]
[WhiteElo "2103"]
[BlackElo "2208"]
[Result "1-0"]
[Round "05"]
[TimeControl "180+2"]
[Date "2023.04.18"]
[WhiteClock "0:00:22"]
[BlackClock "0:00:30"]

1. d4 d5 2. c4 c6 3. cxd5 cxd5 4. Nc3 Nf6 5. Nf3 a6 6. Bg5 Ne4 7. Bf6 Nxf6 8. Qb3 Nc6 9. e3 e6 10. Bd3 Bd6 11. O-O O-O 12. Rac1 Na5 13. Qc2 Bd7 14. Ng5 h6 15. Nf3 Rc8 16. Qe2 b5 17. Bb1 Nc4 18. b3 Na3 19. Bd3 Qa5 20. Qb2 Bb4 21. Ne2 Rxc1 22. Rxc1 Rc8 23. Rd1 Be8 24. Ne5 Nd7 25. Nf3 Bd6 26. g4 b4 27. h4 Nb5 28. Kg2 Nc3 29. Rc1 Rc7 30. Rc2 Nxe2 31. Rxe2 Rc3 32. Bb1 Qa3 33. Qa1 Rc1 34. g5 h5 35. g6 f6 36. e4 Bxg6 37. Rc2 Rxc2 38. Bxc2 Bxe4 39. Bxe4 dxe4 40. Nd2 f5 41. Nc4 Nf6 42. Nxa3 bxa3 43. Qd1 Nd5 44. Kf1 g6 45. Qc1 Kf7 46. Qc6 Be7 47. Qxa6 Bxh4 48. Qa7+ Kf6 49. Qxa3 f4 50. Qf8+ Kg5 51. a4 f3 52. a5 e3 53. Qxf3 exf2 54. a6 Ne7 55. a7 Nf5 56. Qxf5+ 1-0


[Site "https://www.chess.com"]

[Event "Titled Tuesday Blitz April 18 Late 2023"]
[White "mjelcic"]
[Black "Liu, Eric"]
[BlackFideId "30960240"]
[WhiteElo "2183"]
[BlackElo "2094"]
[Result "1-0"]
[Round "05"]
[TimeControl "180+2"]
[Date "2023.04.18"]
[WhiteClock "0:00:09"]
[BlackClock "0:00:22"]

1. c4 b6 2. Nc3 Bb7 3. e4 e6 4. g3 Nf6 5. Bg2 Bb4 6. Nge2 O-O 7. O-O d5 8. exd5 exd5 9. d4 c6 10. cxd5 Nxd5 11. Nxd5 cxd5 12. Bd2 Be7 13. Qb3 Bf6 14. Be3 Nc6 15. Qxd5 Nxd4 16. Qxb7 Nxe2+ 17. Kh1 Bxb2 18. Rab1 Qf6 19. Qf3 Rac8 20. Qxe2 Bd4 21. Bxd4 Qxd4 22. Rfd1 Qa4 23. Rd2 Rfe8 24. Qf3 Qa5 25. Qd3 Rc3 26. Qd7 Rcc8 27. h4 g6 28. Rbd1 Rcd8 29. Qxd8 Rxd8 30. Rxd8+ Kg7 31. R8d2 h5 32. Kh2 g5 33. Rd5 Qxa2 34. Rxg5+ Kf6 35. Rxh5 Qe2 36. Rhd5 Ke7 37. R5d4 Qxf2 38. Re4+ Kf8 39. Rf1 Qc5 40. Ref4 Ke8 41. Rxf7 b5 42. R7f5 Qc4 43. R5f4 Qc5 44. Rf5 Qc4 45. R1f4 Qd3 46. Rf8+ Ke7 47. R4f7+ Ke6 48. Rf6+ Ke7 49. R6f7+ Ke6 50. Bh3+ Ke5 51. Re7+ Kd4 52. Rd8+ Kc3 53. Rxd3+ Kxd3 54. Rxa7 Kc4 55. Rb7 b4 56. Rxb4+ Kxb4 57. Bf5 Kc5 58. h5 Kd6 59. h6 Ke7 60. g4 Kf8 61. g5 Kg8 62. g6 Kh8 63. Kg3 Kg8 64. Kg4 Kh8 65. Kg5 Kg8 66. g7 Kf7 67. Be4 Kg8 68. Bd3 Kf7 69. Bc4+ Ke7 70. g8=Q Kd6 71. Qe6+ Kc7 72. h7 Kb7 73. h8=Q Kc7 74. Qg7+ Kb8 75. Qeg8# 1-0


[Site "https://www.chess.com"]

[Event "Titled Tuesday Blitz April 18 Late 2023"]
[White "Rios Escobar, Adan"]
[Black "Kovacevic, Radmila"]
[WhiteFideId "3403645"]
[BlackFideId "933171"]
[WhiteElo "2496"]
[BlackElo "2194"]
[Result "0-1"]
[Round "05"]
[TimeControl "180+2"]
[Date "2023.04.18"]
[WhiteClock "0:00:02"]
[BlackClock "0:00:28"]

1. d4 e5 2. dxe5 Nc6 3. Nf3 Qe7 4. Bg5 Qb4+ 5. Nc3 Qxb2 6. Bd2 Bb4 7. Rb1 Qxc3 8. Bxc3 Bxc3+ 9. Nd2 Bxe5 10. e4 Nf6 11. Bc4 O-O 12. O-O Bc3 13. Rb3 Ba5 14. Qe2 Nd4 15. Qd3 Nxb3 16. axb3 Bxd2 17. Qxd2 Nxe4 18. Qf4 Nd6 19. Bd5 Re8 20. c4 Re7 21. h4 Ne8 22. Rd1 c6 23. Bf3 d6 24. h5 h6 25. g4 f6 26. Be4 Be6 27. Bg6 Bf7 28. Bf5 Rd8 29. Qd2 d5 30. Qb4 Nd6 31. Bc2 Be6 32. Re1 dxc4 33. bxc4 Kf8 34. Bb3 b6 35. Qa3 Bxg4 36. Rxe7 Kxe7 37. Qxa7+ Rd7 38. Qxb6 Bf3 39. Qe3+ Be4 0-1


[Site "https://www.chess.com"]

[Event "Titled Tuesday Blitz April 18 Late 2023"]
[White "Winkels, Marcel"]
[Black "Mikhalsky, Vladimir"]
[WhiteFideId "1003887"]
[BlackFideId "14144352"]
[WhiteElo "1900"]
[BlackElo "2236"]
[Result "1/2-1/2"]
[Round "05"]
[TimeControl "180+2"]
[Date "2023.04.18"]
[WhiteClock "0:00:15"]
[BlackClock "0:00:10"]

1. d4 Nf6 2. Nc3 g6 3. Bf4 Bg7 4. e3 O-O 5. h4 d6 6. h5 Nxh5 7. Rxh5 gxh5 8. Qxh5 e5 9. Bd3 f5 10. dxe5 dxe5 11. Bg5 Qe8 12. Qh4 e4 13. Bc4+ Be6 14. Bxe6+ Qxe6 15. Nge2 Nc6 16. O-O-O Nb4 17. Kb1 c6 18. Nf4 Qf7 19. Nfe2 a5 20. Be7 Rfe8 21. Bc5 Qf6 22. Qg3 Rad8 23. Bd4 Qg6 24. Bxg7 Rxd1+ 25. Nxd1 Qxg7 26. Qh3 Qf7 27. Ndc3 Rd8 28. Ng3 Nd5 29. Nxf5 Nxc3+ 30. bxc3 Kh8 31. g4 a4 32. Qh4 Rg8 33. Qg3 Re8 34. Kb2 Qd5 35. Qh4 Qb5+ 36. Kc1 Qe5 37. Qh5 a3 38. Kd2 Rd8+ 39. Ke2 Qxc3 40. Kf1 Qxc2 41. Qg5 Qd1+ 42. Kg2 Qf3+ 43. Kh2 Qxf2+ 44. Kh3 Qf1+ 45. Kg3 Qg1+ 46. Kh3 Qh1+ 47. Kg3 Qf3+ 48. Kh4 Qf2+ 49. Kh3 Qf1+ 50. Kh4 Qh1+ 51. Kg3 Qf3+ 52. Kh4 Qf2+ 53. Kh3 1/2-1/2


[Site "https://www.chess.com"]

[Event "Titled Tuesday Blitz April 18 Late 2023"]
[White "Goncalves, Davi Sulzbacher"]
[Black "Allam, Yara"]
[WhiteFideId "2154510"]
[BlackFideId "10615709"]
[WhiteElo "2182"]
[BlackElo "1758"]
[Result "1-0"]
[Round "05"]
[TimeControl "180+2"]
[Date "2023.04.18"]
[WhiteClock "0:00:06"]
[BlackClock "0:00:19"]

1. Nf3 d5 2. g3 Nf6 3. Bg2 c6 4. O-O Nbd7 5. c4 e6 6. b3 Be7 7. Bb2 O-O 8. d4 Qc7 9. Nbd2 b6 10. Qc2 Bb7 11. cxd5 exd5 12. Rac1 Rac8 13. Rfd1 Qb8 14. Qf5 Rfe8 15. Ne5 Nf8 16. e4 g6 17. Qh3 Ne6 18. Re1 Ng5 19. Qh6 Ngxe4 20. Nxe4 dxe4 21. Bf1 b5 22. d5 cxd5 23. Bxb5 Rxc1 24. Rxc1 Rc8 25. Rd1 Rc2 26. Nd7 Qd6 27. Bxf6 Bf8 28. Qh4 d4 29. Be5 Qe6 30. Nf6+ Kh8 31. Qxh7# 1-0


[Site "https://www.chess.com"]

[Event "Titled Tuesday Blitz April 18 Late 2023"]
[White "Vargas, Mauricio"]
[Black "Mickiewicz, Piotr"]
[WhiteFideId "4404572"]
[BlackFideId "1114891"]
[WhiteElo "1998"]
[BlackElo "2246"]
[Result "0-1"]
[Round "05"]
[TimeControl "180+2"]
[Date "2023.04.18"]
[WhiteClock "0:00:01"]
[BlackClock "0:00:16"]

1. e4 e5 2. Nf3 Nf6 3. Nxe5 d6 4. Nf3 Nxe4 5. Nc3 Nxc3 6. dxc3 Be7 7. Bf4 Nc6 8. Qd2 Be6 9. O-O-O Qd7 10. Kb1 a6 11. h4 f6 12. Bd3 O-O-O 13. Rhe1 h5 14. Qe3 Bg4 15. Rd2 Bxf3 16. Qxf3 Kb8 17. Rde2 Ne5 18. Qg3 Bf8 19. Be4 Qb5 20. Be3 Nc4 21. Bc1 d5 22. Bd3 Qc6 23. Re6 Bd6 24. Qf3 Ne5 25. Qe2 Qd7 26. Bf5 Qa4 27. f4 Nc4 0-1


[Site "https://www.chess.com"]

[Event "Titled Tuesday Blitz April 18 Late 2023"]
[White "Klukin, Kirill"]
[Black "tandercat"]
[WhiteFideId "24199273"]
[WhiteElo "2344"]
[BlackElo "1975"]
[Result "1-0"]
[Round "05"]
[TimeControl "180+2"]
[Date "2023.04.18"]
[WhiteClock "0:00:26"]
[BlackClock "0:00:15"]

1. c4 c5 2. Nc3 g6 3. g3 Bg7 4. Bg2 Nc6 5. a3 a5 6. e3 d6 7. Nge2 e5 8. O-O Nge7 9. Rb1 O-O 10. Nd5 Nxd5 11. cxd5 Ne7 12. b4 axb4 13. axb4 b6 14. bxc5 bxc5 15. d4 cxd4 16. exd4 Bg4 17. dxe5 Bxe5 18. h3 Bf5 19. Rb7 Rb8 20. Rxb8 Qxb8 21. Nd4 Bd7 22. Bg5 Nf5 23. Nc6 Qb6 24. Nxe5 dxe5 25. Kh2 f6 26. Bc1 Kg7 27. f4 exf4 28. Bxf4 Re8 29. Qd2 Ne3 30. Rf2 Nxg2 31. Kxg2 Bf5 32. d6 Qc6+ 33. Kh2 Ra8 34. g4 Bd7 35. Bh6+ Kf7 36. Qd4 f5 37. Qg7+ Ke6 38. Re2+ Kxd6 39. Qe5# 1-0


[Site "https://www.chess.com"]

[Event "Titled Tuesday Blitz April 18 Late 2023"]
[White "Urbina Perez, Juan Antonio"]
[Black "Gubajdullin, Alexei"]
[WhiteFideId "2217368"]
[BlackFideId "4141202"]
[WhiteElo "2197"]
[BlackElo "2279"]
[Result "0-1"]
[Round "05"]
[TimeControl "180+2"]
[Date "2023.04.18"]
[WhiteClock "0:00:03"]
[BlackClock "0:00:11"]

1. d4 Nf6 2. Nf3 g6 3. g3 Bg7 4. Bg2 O-O 5. O-O d6 6. Nc3 Nbd7 7. e4 Rb8 8. a4 c5 9. Re1 b6 10. h3 cxd4 11. Nxd4 Bb7 12. Bg5 a6 13. Qd2 Re8 14. Nd5 Rc8 15. c3 e6 16. Nxf6+ Bxf6 17. Bxf6 Qxf6 18. h4 Ne5 19. Rad1 d5 20. exd5 Bxd5 21. Bxd5 exd5 22. Kg2 Re7 23. Re2 Rce8 24. Rde1 Nc4 25. Qc2 Re4 26. Rxe4 dxe4 27. b3 Nd6 28. Re3 b5 29. axb5 axb5 30. Qe2 b4 31. Qd2 bxc3 32. Qxc3 Rc8 33. Qb4 Qe5 34. Qb6 Qd5 35. Ne2 Nf5 36. Nf4 Nxe3+ 37. Qxe3 Qb7 38. Kh2 Rc2 39. Qd4 Qxb3 40. Qd8+ Kg7 41. Qd4+ f6 42. Qd7+ Kh6 43. Ne6 Kh5 44. Qxh7+ Kg4 45. Qxg6+ Kf3 46. Qf5+ Ke2 47. Nd4+ Ke1 48. Nxb3 Rxf2+ 49. Kh3 Rxf5 50. Nd4 Rd5 51. Nc2+ Kf2 52. Nb4 Rd2 0-1


[Site "https://www.chess.com"]

[Event "Titled Tuesday Blitz April 18 Late 2023"]
[White "Loiacono, Antonio"]
[Black "Seletsky, Grigory"]
[WhiteFideId "895415"]
[BlackFideId "14112191"]
[WhiteElo "2257"]
[BlackElo "2490"]
[Result "1-0"]
[Round "05"]
[TimeControl "180+2"]
[Date "2023.04.18"]
[WhiteClock "0:00:41"]
[BlackClock "0:00:08"]

1. e4 e6 2. d4 d5 3. Nc3 Nc6 4. e5 Nge7 5. Nce2 Nf5 6. c3 h5 7. Ng3 h4 8. Nxf5 exf5 9. h3 Be6 10. Bd3 Be7 11. Ne2 g5 12. Qc2 Qd7 13. f4 Rg8 14. fxg5 Bxg5 15. Bxg5 Rxg5 16. Nf4 O-O-O 17. O-O-O Kb8 18. Kb1 Ne7 19. Rhf1 Ng6 20. Rd2 Rg8 21. Rf3 Rg3 22. Rdf2 c5 23. Qd2 cxd4 24. cxd4 Nxf4 25. Qxf4 Qd8 26. Bxf5 Rxg2 27. Bxe6 Rxf2 28. Rxf2 fxe6 29. Qf7 Rg1+ 30. Rf1 Rxf1+ 31. Qxf1 Qg8 32. a3 Qg6+ 33. Ka2 Kc7 34. Qf8 Qd3 35. Qd6+ Kc8 36. Qxe6+ Kb8 37. Qd6+ Kc8 38. Qc5+ Kb8 39. Qxd5 a6 40. e6 Qe2 41. Qd6+ Ka7 42. Qc5+ Kb8 43. e7 Qe6+ 44. d5 b6 45. dxe6 1-0


[Site "https://www.chess.com"]

[Event "Titled Tuesday Blitz April 18 Late 2023"]
[White "Lopez Gracia, Fernando"]
[Black "Gonzalez Zamora, Juan Carlos"]
[WhiteFideId "2207184"]
[BlackFideId "3507548"]
[WhiteElo "2533"]
[BlackElo "2535"]
[Result "0-1"]
[Round "05"]
[TimeControl "180+2"]
[Date "2023.04.18"]
[WhiteClock "0:01:26"]
[BlackClock "0:00:50"]

1. c4 d6 2. Nf3 Nf6 3. Nc3 e5 4. d4 Nbd7 5. e4 Be7 6. Be2 O-O 7. O-O Re8 8. Qc2 c6 9. Rd1 Qc7 10. b3 Nf8 11. Ba3 Ng6 12. dxe5 dxe5 13. Bxe7 Qxe7 14. Bf1 Bg4 15. Rd3 Nf4 16. Re3 Rad8 17. h3 Bxf3 18. Rxf3 Ne6 19. Ne2 Nd4 20. Nxd4 exd4 21. Bd3 Nd7 22. Rg3 Ne5 23. Re1 Qf6 24. Qd2 Ng6 25. Rf3 Qh4 26. e5 Rxe5 27. Bxg6 Rxe1+ 28. Qxe1 hxg6 29. Qe2 Qg5 30. Kh2 Qc5 31. Qe4 Qd6+ 32. Kg1 d3 33. c5 Qd5 34. Qe1 d2 35. Qd1 Qxc5 0-1


[Site "https://www.chess.com"]

[Event "Titled Tuesday Blitz April 18 Late 2023"]
[White "koncheto"]
[Black "Schuster, Karsten"]
[BlackFideId "4611071"]
[WhiteElo "2519"]
[BlackElo "2294"]
[Result "1-0"]
[Round "05"]
[TimeControl "180+2"]
[Date "2023.04.18"]
[WhiteClock "0:01:11"]
[BlackClock "0:00:02"]

1. e4 d5 2. exd5 Qxd5 3. Nc3 Qd6 4. d4 c6 5. Nf3 Bg4 6. g3 Nf6 7. Bg2 e6 8. O-O Qc7 9. Re1 Bd6 10. Qd3 Bf5 11. Qxf5 O-O 12. Qd3 Nbd7 13. Ne4 Nxe4 14. Qxe4 Rad8 15. Ng5 Nf6 16. Qh4 h6 17. Ne4 Nxe4 18. Bxe4 Be7 19. Qf4 Bd6 20. Qf3 Qb6 21. c3 Rde8 22. Bc2 f5 23. b3 Rf6 24. Be3 Qa5 25. c4 Qc7 26. Bd2 Ref8 27. Qh5 e5 28. dxe5 Bxe5 29. Rad1 f4 30. Qxe5 fxg3 31. Qxc7 gxf2+ 32. Kg2 Rg6+ 33. Bxg6 1-0


[Site "https://www.chess.com"]

[Event "Titled Tuesday Blitz April 18 Late 2023"]
[White "Przybylski, Wojciech"]
[Black "Fajdetic, Hrvoje"]
[WhiteFideId "1117599"]
[BlackFideId "14501945"]
[WhiteElo "2222"]
[BlackElo "2185"]
[Result "1-0"]
[Round "05"]
[TimeControl "180+2"]
[Date "2023.04.18"]
[WhiteClock "0:00:09"]
[BlackClock "0:00:09"]

1. e4 e6 2. d4 d5 3. Nc3 dxe4 4. Nxe4 Nd7 5. Nf3 Ngf6 6. Ned2 c5 7. Bd3 cxd4 8. Nxd4 Bc5 9. N2b3 Bb6 10. O-O O-O 11. Re1 h6 12. c3 a6 13. Qf3 Nc5 14. Nxc5 Bxc5 15. Be3 Be7 16. Rad1 Qa5 17. a3 Qh5 18. Qxh5 Nxh5 19. Nf3 Nf6 20. Ne5 Nd5 21. Bd4 Bf6 22. g3 b5 23. Be4 Bxe5 24. Bxe5 Bb7 25. b3 Rac8 26. Rc1 Ba8 27. c4 bxc4 28. bxc4 Nb6 29. Bd3 Rfd8 30. Bf1 Nd7 31. Bd6 Nc5 32. Red1 Ne4 33. Be7 Rxd1 34. Rxd1 f6 35. h4 Kf7 36. Bb4 Bc6 37. c5 Ra8 38. Ba5 Bd5 39. Rc1 Bc6 40. Bg2 f5 41. Rb1 Rc8 42. Bb6 g5 43. h5 Nd2 44. Rd1 Nf3+ 45. Bxf3 Bxf3 46. Rd7+ Ke8 47. Rd3 Be4 48. Rc3 Rc6 49. f3 Bd5 50. Kf2 Kf7 51. g4 e5 52. Rd3 Kf6 53. Rxd5 e4 54. fxe4 f4 55. Rf5+ Ke6 56. Kf3 Ke7 57. Re5+ Re6 58. Rxe6+ Kxe6 59. c6 Kd6 60. c7 Kd7 61. e5 Kc8 62. e6 a5 63. e7 Kd7 64. e8=Q+ Kxe8 65. c8=Q+ Kf7 66. Qd7+ Kf8 67. Bc5+ Kg8 68. Bd4 Kf8 69. Bf6 a4 70. Qe7+ Kg8 71. Qg7# 1-0


[Site "https://www.chess.com"]

[Event "Titled Tuesday Blitz April 18 Late 2023"]
[White "Garrido, Denis"]
[Black "Koc, Przemyslaw"]
[WhiteFideId "601217"]
[BlackFideId "1109081"]
[WhiteElo "2320"]
[BlackElo "2161"]
[Result "0-1"]
[Round "05"]
[TimeControl "180+2"]
[Date "2023.04.18"]
[WhiteClock "0:01:44"]
[BlackClock "0:02:23"]

1. d4 d6 2. e4 Nf6 3. Nc3 e5 4. Nge2 Be7 5. h3 O-O 6. g4 exd4 7. Nxd4 d5 8. e5 Ne4 9. Nxe4 dxe4 10. Bg2 c5 11. Ne2 Qxd1+ 12. Kxd1 Nc6 13. Bf4 Rd8+ 14. Ke1 Nb4 15. Bxe4 f5 16. exf6 Bxf6 17. a3 Bxb2 18. Rb1 Bxa3 19. c3 Nd3+ 20. Bxd3 Rxd3 21. Rb3 Bb4 22. Nc1 Rxc3 23. Bd2 Rxc1+ 0-1


[Site "https://www.chess.com"]

[Event "Titled Tuesday Blitz April 18 Late 2023"]
[White "Figorito, Nick"]
[Black "Harish, Neeraj"]
[WhiteFideId "30923689"]
[BlackFideId "30958130"]
[WhiteElo "2453"]
[BlackElo "1965"]
[Result "1-0"]
[Round "05"]
[TimeControl "180+2"]
[Date "2023.04.18"]
[WhiteClock "0:00:17"]
[BlackClock "0:00:02"]

1. Nf3 Nf6 2. g3 d5 3. Bg2 e6 4. O-O Be7 5. c4 O-O 6. cxd5 exd5 7. d4 c6 8. Nc3 Re8 9. Bf4 Bf5 10. Ne5 Nbd7 11. Nxd7 Qxd7 12. Qb3 Ne4 13. Nxe4 Bxe4 14. Bxe4 dxe4 15. Rfd1 b6 16. Rac1 Bd6 17. Bxd6 Qxd6 18. e3 Rac8 19. Rc3 h5 20. h4 c5 21. dxc5 Qe6 22. Qxe6 Rxe6 23. cxb6 Rxc3 24. b7 Rb6 25. Rd8+ Kh7 26. b8=Q Rxb8 27. Rxb8 Rc2 28. Rb7 Kg6 29. Rxa7 Rxb2 30. Kg2 f6 31. a4 Ra2 32. a5 Kf5 33. Rxg7 Rxa5 34. Rh7 Kg6 35. Rh8 Ra2 36. Re8 Kf5 37. Rb8 Rc2 38. Rb5+ Kg6 39. Rb1 Kf5 40. Rd1 Kg6 41. Re1 Kf5 42. Kf1 Kg6 43. Re2 Rc1+ 44. Kg2 Kf5 45. Ra2 Rb1 46. f3 exf3+ 47. Kxf3 Rf1+ 48. Kg2 Re1 49. Kf2 Rb1 50. Ra5+ Kg6 51. e4 Rb4 52. Kf3 Rb1 53. Ra6 Rf1+ 54. Kg2 Re1 55. Kf3 Rf1+ 56. Ke2 Rg1 57. Kf2 Rb1 58. e5 Rb2+ 59. Kf3 Rb3+ 60. Kg2 Kf5 61. exf6 Kg4 62. Ra4+ Kf5 63. Rf4+ Kg6 64. f7 1-0


[Site "https://www.chess.com"]

[Event "Titled Tuesday Blitz April 18 Late 2023"]
[White "Meunier-Pion, Jean"]
[Black "ChessSG1"]
[WhiteFideId "20685327"]
[WhiteElo "2124"]
[BlackElo "2239"]
[Result "1-0"]
[Round "05"]
[TimeControl "180+2"]
[Date "2023.04.18"]
[WhiteClock "0:00:06"]
[BlackClock "0:00:02"]

1. d4 Nf6 2. c4 e6 3. g3 c5 4. d5 exd5 5. cxd5 d6 6. Bg2 g6 7. Nf3 Bg7 8. O-O O-O 9. Nc3 a6 10. a4 Re8 11. Bf4 Qc7 12. Nd2 Nh5 13. Nc4 Nxf4 14. gxf4 Nd7 15. Ne4 Bf8 16. a5 f5 17. Nb6 fxe4 18. Nxa8 Qd8 19. Ra4 Nf6 20. Nb6 Bf5 21. b4 Bh6 22. e3 Bg4 23. f3 exf3 24. Bxf3 Bh3 25. Re1 Ne4 26. Bxe4 Rxe4 27. bxc5 Rxa4 28. Nxa4 Qh4 29. c6 bxc6 30. dxc6 Bg4 31. Qd5+ Kg7 32. Rf1 Qh3 33. Qd4+ Kf7 34. Qe4 Be2 35. Rf2 Qg4+ 36. Rg2 Qh5 37. c7 Bg4 38. Qc4+ d5 39. Qc1 Bc8 40. Nc5 d4 41. Nd3 dxe3 42. Ne5+ Kg7 43. Qa1 Kf8 44. Qa3+ Ke8 45. Qa4+ Kf8 46. Qb4+ Kg8 47. Qc4+ 1-0


[Site "https://www.chess.com"]